Map: Acid Plant LE

Players

Funcio

  • Race: Terran Terran
  • League: Diamond
  • Spawn Location: 5:00

Isszul - Winner!

  • Race: Zerg Zerg
  • League: Diamond
  • Spawn Location: 11:00

VOD

Have the link to the VOD?

Description

Time

  • Played on: May 11, 2018, 10:45 a.m.
  • Length: 16:03
Show
View Real Time Build Order
Export as new Build Order

Funcio Terran 

Build Orders: Hellion Opening 

Get SALT Encoding   

  12  0:01  SCV  
  13  0:13  SCV  
  14  0:17  Supply Depot  
  14  0:25  SCV  
  15  0:32  Refinery  
  15  0:38  SCV  
  16  0:45  Barracks  
  16  0:50  SCV  
  17  1:04  SCV  
  18  1:16  Refinery  
  18  1:17  SCV  
  19  1:32  Orbital Command  
  19  1:37  Factory  
  19  1:43  Marine  
  19  1:45  Supply Depot  
  20  1:58  Ghost Academy  
  20  2:02  Barracks Tech Lab  
  20  2:08  SCV  
  21  2:24  Factory Reactor  
  21  2:26  SCV  
  24  2:36  Supply Depot  
  24  2:38  SCV  
  25  2:51  SCV  
  25  2:57  Unknown  
  28  3:02  Hellion x2  
  32  3:16  Supply Depot  
  32  3:24  Hellion x2  
  32  3:26  Unknown  
  38  3:36  Armory  
  38  3:39  SCV  
  39  3:45  Hellion  
  41  3:49  Hellion  
  41  3:55  Unknown  
  45  4:16  Hellion  
  47  4:26  Unknown  
  47  4:32  SCV, Hellion  
  52  4:44  SCV  
  47  5:01  Unknown  
  43  5:13  Hellion x2  
  41  5:39  Command Center, Hellion x2  
  41  5:40  Unknown  
  41  5:55  Terran Vehicle And Ship Armor Level 1  
  41  6:01  Hellion x2  
  45  6:05  Starport  
  45  6:08  SCV  
  45  6:09  Unknown  
  48  6:18  Stimpack  
  48  6:21  Barracks  
  48  6:25  SCV  
  49  6:37  SCV, Unknown  
  49  6:39  Hellion x2  
  54  6:45  Supply Depot  
  54  6:50  SCV  
  54  6:51  Medivac  
  57  7:03  Hellion x2  
  57  7:08  SCV  
  64  7:18  Hellion  
  58  7:23  Hellion  
  58  7:29  Orbital Command, Hellion x2  
  58  7:30  SCV, Unknown  
  58  7:32  Medivac  
  61  7:42  SCV  
  62  8:13  Unknown, Barracks Reactor, Hellion x2  
  62  8:15  Barracks  
  62  8:17  Supply Depot  
  62  8:18  SCV x2, Barracks  
  68  8:41  SCV x2  
  68  8:45  Unknown  
  70  8:53  SCV x2, Hellion x5  
  72  8:59  Medivac, Hellion x2  
  78  9:05  Command Center  
  78  9:07  Supply Depot  
  78  9:08  SCV x2, Supply Depot  
  80  9:11  Marine x2  
  80  9:12  Marine x2  
  84  9:31  Hellion x2  
  88  9:32  Medivac  
  88  9:35  SCV x2, Supply Depot  
  92  9:39  Marine  
  95  9:49  Personal Cloaking, Engineering Bay  
  95  9:57  Marine x3  
  98  10:01  Supply Depot  
  92  10:07  Unknown  
  90  10:19  Orbital Command, Hellion x2  
  92  10:24  Refinery x2  
  92  10:25  Marine x2  
  92  10:26  Marine  
  97  10:40  Hellion  
  99  10:52  Medivac  
  99  10:53  Marine x2  
  99  10:54  Marine, Unknown  
  99  10:56  Hellion  
  108  11:01  Hellion  
  108  11:02  Supply Depot  
  99  11:23  Marauder, Unknown  
  84  11:26  Orbital Command  
  80  11:37  Supply Depot x2  
  80  11:38  Supply Depot  
  80  11:46  Hellion x2  
  84  11:48  Marine x4  
  84  11:49  Marine  
  89  11:54  SCV x2  
  89  11:55  SCV  
  92  12:01  Terran Infantry Weapons Level 1  
  92  12:03  Engineering Bay  
  92  12:04  Terran Vehicle Weapons Level 1  
  92  12:06  SCV x2, Marine  
  92  12:07  SCV  
  96  12:09  Armory  
  96  12:14  Engineering Bay  
  96  12:15  Barracks Tech Lab, Barracks Reactor  
  96  12:17  Marine  
  96  12:18  Marine  
  98  12:23  SCV x3  
  98  12:24  Marine  
  101  12:35  SCV  
  101  12:36  Marauder  
  69  13:01  Barracks Tech Lab  
  69  13:02  Marine  
  69  13:03  Marine x4  
  70  13:13  Hellion  
  70  13:16  Hellion x2  
  74  13:20  Marine  
  74  13:21  Marine x3, Reaper  
  79  13:31  Marine  
  80  13:38  Marine  
  80  13:39  Refinery x2  
  80  13:40  Terran Infantry Armor Level 1  
  77  13:50  Starport Reactor  
  77  13:51  Hellion  
  77  13:52  Hellion  
  79  13:57  SCV x3  
  79  13:58  Marine x4  
  79  14:02  Barracks Tech Lab  
  88  14:09  SCV  
  89  14:15  Refinery  
  89  14:16  Marine x4  
  79  14:26  Unknown  
  79  14:27  Marine  
  79  14:34  Marine x2  
  69  14:55  Unknown  
Show
View Real Time Build Order
Export as new Build Order

Isszul Zerg - Winner!

Build Orders: Hatch First 

Get SALT Encoding   

  12  0:00  Drone  
  13  0:13  Overlord  
  13  0:16  Drone  
  14  0:31  Drone x2  
  14  0:35  Drone  
  17  0:52  Hatchery  
  17  0:55  Drone  
  17  0:59  Drone  
  18  1:09  Extractor  
  17  1:15  Spawning Pool  
  16  1:18  Drone  
  16  1:21  Drone  
  18  1:29  Drone  
  19  1:40  Overlord  
  19  1:50  Drone  
  20  2:02  Queen  
  20  2:03  Zergling x2, Queen  
  20  2:04  Zergling x2  
  26  2:11  Drone  
  26  2:12  Metabolic Boost  
  27  2:15  Drone  
  28  2:29  Drone x2  
  30  2:37  Hatchery  
  29  2:46  Spore Crawler  
  29  2:47  Spore Crawler  
  29  2:50  Zergling x4  
  29  2:53  Zergling x2  
  29  2:55  Zergling x2  
  31  2:59  Drone  
  31  3:01  Drone  
  31  3:05  Drone  
  34  3:09  Drone  
  35  3:16  Drone  
  35  3:17  Overlord  
  36  3:20  Overlord  
  36  3:31  Overlord  
  36  3:32  Overlord  
  36  3:35  Extractor x2, Drone x2  
  36  3:39  Drone  
  36  3:40  Drone  
  40  3:45  Queen  
  42  3:49  Drone x2  
  42  3:53  Drone  
  45  3:56  Queen  
  47  4:08  Drone x5  
  47  4:09  Drone  
  53  4:10  Drone  
  53  4:16  Spore Crawler  
  52  4:17  Zergling x2, Spore Crawler  
  52  4:25  Spine Crawler  
  52  4:28  Zergling x8  
  55  4:34  Evolution Chamber  
  55  4:36  Baneling Nest  
  53  4:38  Queen  
  53  4:40  Zergling x2  
  52  4:59  Zergling x14  
  53  5:00  Zergling x10  
  51  5:08  Zergling x6  
  48  5:14  Zergling x4  
  48  5:21  Baneling x3  
  43  5:32  Zergling x4  
  43  5:33  Zergling x8  
  41  5:42  Zergling x2  
  40  5:50  Queen  
  40  5:51  Drone x2  
  40  5:52  Drone  
  40  5:55  Drone  
  46  5:58  Zergling x2  
  46  6:02  Baneling x2  
  46  6:03  Baneling, Zergling x2  
  49  6:11  Zergling x6  
  49  6:15  Drone  
  49  6:16  Drone  
  49  6:17  Queen  
  55  6:24  Baneling x4  
  55  6:27  Zergling x6  
  55  6:29  Baneling  
  58  6:37  Overlord  
  58  6:38  Drone x4  
  62  6:41  Baneling  
  62  6:43  Overlord  
  62  6:44  Zergling x4  
  64  6:47  Baneling  
  64  6:57  Extractor x2  
  62  7:14  Zergling x26  
  62  7:15  Baneling x3  
  63  7:26  Zergling x6  
  60  7:34  Drone x2  
  60  7:35  Drone x4  
  66  7:42  Extractor  
  66  7:43  Spore Crawler  
  64  7:48  Baneling x5  
  64  7:52  Zergling x10  
  54  8:18  Queen, Roach Warren  
  54  8:19  Queen x2  
  59  8:20  Zergling x10  
  64  8:29  Drone x3  
  64  8:30  Drone x2  
  64  8:33  Baneling x2  
  69  8:42  Drone x4  
  72  9:06  Extractor, Queen  
  72  9:08  Extractor  
  72  9:12  Lair  
  72  9:15  Drone  
  72  9:16  Overlord x4  
  73  9:18  Zerg Melee Weapons Level 1  
  73  9:24  Spine Crawler  
  73  9:27  Spine Crawler  
  73  9:29  Overlord  
  73  9:30  Overlord x2  
  73  9:31  Overlord  
  71  9:40  Drone x2  
  71  9:41  Drone x3  
  76  9:52  Drone x2  
  78  9:53  Drone x3  
  78  9:58  Overlord  
  81  10:16  Spire  
  80  10:47  Hatchery  
  78  10:50  Hatchery  
  78  10:54  Baneling  
  78  10:55  Baneling x17  
  78  10:56  Zergling x26  
  78  10:57  Zergling x16  
  97  11:03  Centrifical Hooks  
  98  11:05  Zergling x2  
  88  11:41  Mutalisk  
  88  11:42  Mutalisk x13  
  116  12:07  Overseer  
  116  12:09  Zerg Melee Weapons Level 2  
  116  12:10  Mutalisk x6  
  116  12:11  Mutalisk  
  130  12:17  Baneling x7  
  130  12:18  Zergling x4  
  130  12:19  Zergling x2  
  130  12:21  Overseer  
  104  13:04  Zergling x40  
  104  13:05  Zergling x14  
  116  13:13  Queen  
  116  13:14  Drone x3  
  116  13:15  Drone  
  122  13:26  Zerg Flyer Armor Level 1  
  122  13:28  Evolution Chamber  
  122  13:30  Baneling  
  122  13:31  Baneling x11  
  122  13:32  Baneling  
  121  13:37  Zergling x6  
  124  13:54  Zerg Ground Armor Level 1  
  122  13:58  Infestation Pit  
  121  14:06  Baneling  
  121  14:07  Baneling x22  
  121  14:08  Baneling x8  
  121  14:09  Zergling x2  
  103  14:27  Zergling x18  
  103  14:28  Zergling x6  
  106  14:44  Zergling x18  
  106  14:45  Zergling x2  
  106  14:53  Drone x5  
  106  15:08  Drone x8  
  106  15:12  Extractor  
  106  15:24  Overlord x3  
  106  15:25  Overlord  
  106  15:45  Zergling x4  
  106  16:00  Hatchery  
Tags
 
Add a new tag
Caveats
  • Supply blocks, unpowered buildings, or Contaminate may cause inaccurate times.
  • Supply counts are checked every 10 seconds.